 Dungeon Crawl Stone Soup version 0.30-a0-305-g026cb31310 (webtiles) character file.

Game seed: 5570962751093781935

70 Harunobu the Trooper (level 4, 0/41 HPs)
             Began as a Minotaur Monk on Oct 20, 2022.
             Slain by Grinder (9 damage)
             ... on level 3 of the Dungeon.
             The game lasted 00:02:40 (1531 turns).

Harunobu the Trooper (Minotaur Monk)                Turns: 1531, Time: 00:02:41

Health: 0/41       AC:  3    Str: 21    XL:     4   Next: 4%
Magic:  3/3        EV: 13    Int:  7    God:
Gold:   48         SH:  0    Dex: 12    Spells: 3/3 levels left

rFire   . . .      SeeInvis +    j - +5 dagger "Copsazio" {venom, Str+3 SInv}
rCold   . . .      Faith    .    (no shield)
rNeg    . . .      Spirit   .    b - +0 robe
rPois   .          Reflect  .    (helmet restricted)
rElec   .          Harm     .    (no cloak)
rCorr   .          Rampage  .    d - +0 pair of gloves
Will    .....                    (no boots)
Stlth   ++........               (no amulet)
HPRegen 0.26/turn                (no ring)
MPRegen 0.08/turn                (no ring)

@: no status effects
A: horns 2, retaliatory headbutt
a: no special abilities


You were on level 3 of the Dungeon.
You visited 1 branch of the dungeon, and saw 3 of its levels.

You collected 48 gold pieces.

Inventory:

Hand Weapons
 a - a +0 mace
 i - a +0 whip
 j - the +5 dagger "Copsazio" (weapon) {venom, Str+3 SInv}
   (You found it on level 2 of the Dungeon)

   It poisons the flesh of those it strikes.
   Str:       It affects your strength (+3).
   SInv:      It lets you see invisible.
Armour
 b - a +0 robe (worn)
 d - a +0 pair of gloves (worn)
Scrolls
 e - a scroll of poison {unknown}
 f - 2 scrolls of fear {unknown}
 h - a scroll of identify {unknown}
 k - a scroll of noise {unknown}
 l - a scroll of teleportation {unknown}
 m - a scroll of acquirement {unknown}
 o - a scroll of enchant weapon {unknown}
 p - a scroll of enchant armour {unknown}
Potions
 c - a potion of ambrosia
 g - 2 potions of degeneration {unknown}
 n - a potion of flight {unknown}


   Skills:
 + Level 4.5 Fighting
 - Level 3.6 Maces & Flails
 + Level 4.1 Dodging
 + Level 2.5 Stealth


You had 3 spell levels left.
You didn't know any spells.
Your spell library contained the following spells:

 Spells                   Type           Power      Damage    Failure   Level
 Sandblast                Erth           0%         2d4       43%         1
 Passwall                 Tmut/Erth      0%         N/A       56%         2
 Stone Arrow              Conj/Erth      0%         3d7       80%         3


Dungeon Overview and Level Annotations

Branches:
Dungeon (3/15)

Altars:
Sif Muna

Annotations:
D:3 Grinder


Innate Abilities, Weirdness & Mutations

You have a pair of horns on your head.
You reflexively headbutt those who attack you in melee.


Message History

You miss the adder. Your headbutt misses the adder.
The adder is severely wounded.
You feel sick.
You kill the adder!
Grinder blinks!
You have reached level 4!
You feel stronger.
You hit the jackal.
The jackal is severely wounded.
You feel sick. The jackal closely misses you. You furiously retaliate!
You headbutt the jackal.
You kill the jackal!
You barely miss Grinder. Your headbutt misses Grinder.
You feel sick. Grinder hits you.
You writhe in agony.
The endoplasm barely misses you.
You barely miss Grinder.
You feel sick.
You are no longer poisoned.
Grinder completely misses you. The endoplasm closely misses you.
You hit Grinder. Your headbutt misses Grinder.
Grinder is lightly wounded.
The endoplasm completely misses you. Grinder hits you!
You hit the endoplasm. You headbutt the endoplasm.
The endoplasm is almost dead.
Grinder hits you.
You writhe in agony.
The endoplasm freezes you.
You are frozen.
You barely miss the endoplasm. You headbutt the endoplasm.
You kill the endoplasm!
Grinder gestures at you.
You barely resist. You hit Grinder.
Grinder is moderately wounded.
Grinder hits you.
You writhe in agony.
* * * LOW HITPOINT WARNING * * *
You hit Grinder.
Grinder is moderately wounded.
Grinder closely misses you. You furiously retaliate!
You headbutt Grinder! You hit Grinder.
Grinder is poisoned.
Your headbutt misses Grinder.
Grinder is heavily wounded.
Grinder hits you!
You die...

...............
.#####.######## #
#.........######
#...####.......
#............# ##.
#..##.##.....# ....
#.#....##.....# .....
##...<..†.....##...#.#
#.#######.#.5@†......
#. #...#####.#.. ..
......... ####..?..#
#.....# #.....#
#.....# ##..


You could see Grinder (very poisoned).

Vanquished Creatures
  An adder (D:3)
  A worm (D:2)
  A dart slug (D:2)
  6 bats
  2 endoplasms
  3 giant cockroaches (D:1)
  6 goblins (D:1)
  8 hobgoblins (D:1)
  6 jackals
  A quokka (D:1)
  5 ball pythons
  3 frilled lizards (D:1)
  3 kobolds
  6 rats
52 creatures vanquished.

Notes
Turn   | Place    | Note
-------+----------+-------------------------------------------
     0 | D:1      | Harunobu the Minotaur Monk began the quest for the Orb.
     0 | D:1      | Reached XP level 1. HP: 19/19 MP: 0/0
   104 | D:1      | Reached XP level 2. HP: 19/27 MP: 1/1
   424 | D:1      | Reached XP level 3. HP: 33/33 MP: 2/2
   826 | D:2      | Identified the +5 dagger "Copsazio" {venom, Str+3 SInv}
  1090 | D:2      | Found a shimmering blue altar of Sif Muna.
  1514 | D:3      | Noticed Grinder
  1523 | D:3      | Reached XP level 4. HP: 38/41 MP: 3/3
  1531 | D:3      | Slain by Grinder

Illustrated notes

Levels and vault maps discovered:
D:1:      grunt_arrival_crossed_arrows, layout_basic
D:2:      layout_rooms, basic_altar, minmay_crystal_water, st_stairs_12,
          chequers_serial_rivers_room_a
D:3:      layout_loops_cross, worldfamousw_hep_ancestral_shrine,
          kennysheep_flooded_box, uniq_grinder, uniq_pargi

Skill      XL: |  1  2  3 |
---------------+----------+-----
Fighting       | 4 |  4.5
Stealth        | 2 |  2.5
Dodging        | 4 |  4.1
Maces & Flails | |  3.6

Action                   |  1- 3 |  4- 6 || total
-------------------------+-------+-------++-------
Melee: Mace              |    38 |       ||    38
       Headbutt          |    12 |     2 ||    14
       Whip              |    32 |       ||    32
       Dagger            |    28 |     9 ||    37
 Stab: Sleeping          |     5 |       ||     5
Armor: Robe              |    29 |       ||    29
Dodge: Dodged            |    93 |     6 ||    99

Table legend: (Time is in decaauts)
 A = Elapsed time spent in this place.
 B = Non-inter-level travel time spent in this place.
 C = Inter-level travel time spent in this place.
 D = Time resting spent in this place.
 E = Time spent auto-exploring this place.
 F = Levels seen in this place.
 G = Mean time per level.
                   A        B        C        D        E       F      G
               +--------+--------+--------+--------+--------+-----+--------+
         Total |   1536 |   1456 |     80 |    229 |    858 |   3 |  512.0 |
       Dungeon |   1536 |   1456 |     80 |    229 |    858 |   3 |  512.0 |
               +--------+--------+--------+--------+--------+-----+--------+

Top non-repeatable levels by time:
     D:1: 819 daAuts
     D:2: 656 daAuts
     D:3: 59 daAuts
